 Dungeon Crawl Stone Soup version 0.23.2-33-g5129a83184 (webtiles) character file.

Game seed: 13557403182459150990

2342009 MalarOregon the Wrestler (level 27, 240/254 HPs)
             Began as a Ghoul Gladiator on July 25, 2019.
             Was the Champion of Okawaru.
             Escaped with the Orb
             ... and 4 runes on July 28, 2019!
             The game lasted 04:32:06 (74065 turns).

MalarOregon the Wrestler (Ghoul Gladiator)         Turns: 74065, Time: 04:32:06

Health: 240/254    AC: 41    Str: 36    XL:     27
Magic:  32/38      EV: 33    Int: 11    God:    Okawaru [******]
Gold:   1724       SH: 28    Dex: 17    Spells: 43/50 levels left

rFire    + + +     SeeInvis .     - Unarmed
rCold    + + +     Gourm    .   N - +5 shield {rF+}
rNeg     + + +     Faith    .   q - +14 plate armour "Binuh" {rElec rC+ rN+++ Stlth+}
rPois    ∞         Spirit   .   g - +2 helmet {Int+3}
rElec    +         Reflect  +   s - +1 cloak of Starlight {rElec rC+ EV+4 Stlth--}
rCorr    +         Harm     .   (no gloves)
MR       ++...                  n - +2 pair of boots {run}
Stlth    ..........             P - brooch of Shielding {Reflect SH+8}
HPRegen  0.52/turn              J - ring of Free Will {rPois rC++ EV+4 Dex+2}
MPRegen  0.26/turn              i - ring of protection from fire

@: mighty, brilliant, agile, resistant, rotting, hasted, very quick
A: rotting body, claws 1, carnivore, cold resistance 1, negative energy
resistance 3, inhibited regeneration, torment resistance, unbreathing
0: Orb of Zot
}: 4/15 runes: decaying, silver, abyssal, gossamer
a: Heroism, Finesse, Renounce Religion


You escaped.
You worshipped Okawaru.
Okawaru was exalted by your worship.
You were not hungry.

You visited 11 branches of the dungeon, and saw 51 of its levels.
You visited the Abyss 5 times.
You also visited: Ice Cave and Wizlab.

You collected 9796 gold pieces.
You spent 8072 gold pieces at shops.

Inventory:

Hand Weapons
 b - a +9 blowgun
   (You took it off a kobold on level 7 of the Dungeon)
Missiles
 a - 9 needles of frenzy
 m - 14 javelins of penetration
 B - 2 javelins of returning (quivered)
 C - 19 needles of paralysis {!f}
 L - 12 throwing nets {!f}
 Q - 34 curare-tipped needles {!f}
 T - 5 silver javelins
Armour
 g - a +2 helmet of intelligence (worn)
   (You found it on level 3 of the Elven Halls)
 n - a +2 pair of boots of running (worn)
   (You found it in a wizard's laboratory)
 q - the +14 plate armour "Binuh" (worn) {rElec rC+ rN+++ Stlth+}
   (Okawaru gifted it to you on level 5 of the Lair of Beasts)

   It protects you from cold.
   It insulates you from electricity.
   It renders you almost immune to negative energy.
   It makes you more stealthy.
 s - the +1 cloak of Starlight (worn) {rElec rC+ EV+4 Stlth--}
   (You bought it in a shop on level 1 of the Vaults)

   It affects your evasion (+4).
   It protects you from cold.
   It insulates you from electricity.
   It makes you much less stealthy.
 t - the +10 plate armour "Plog" {Dex+4}
   (Okawaru gifted it to you on level 5 of the Realm of Zot)

   It affects your dexterity (+4).
 N - a +5 shield of fire resistance (worn)
   (You found it on level 4 of the Depths)
Jewellery
 i - a ring of protection from fire (right claw)
   (You found it on level 1 of the Vaults)
 l - an uncursed ring of protection from magic
   (You found it on level 6 of the Lair of Beasts)
 z - an uncursed ring of see invisible
   (You found it on level 3 of the Dungeon)
 J - the ring of Free Will (left claw) {rPois rC++ EV+4 Dex+2}
   (You found it on level 5 of the Vaults)

   [ring of evasion]

   It affects your evasion (+4).
   It affects your dexterity (+2).
   It greatly protects you from cold.
   It protects you from poison.
 M - an uncursed ring of resist corrosion
   (You found it on level 1 of the Lair of Beasts)
 P - the brooch of Shielding (around neck) {Reflect SH+8}
   (You took it off a deep elf death mage on level 5 of the Vaults)

   [amulet of reflection]

   It shields you and reflects attacks.
   It affects your SH (+8).
Wands
 c - a wand of disintegration (40)
   (You found it on level 12 of the Dungeon)
 d - a wand of iceblast (112)
   (You found it on level 6 of the Dungeon)
 u - a wand of paralysis (34)
   (You found it on level 8 of the Dungeon)
 v - a wand of digging (15)
   (You found it on level 2 of the Lair of Beasts)
 x - a wand of acid (5)
   (You found it on level 5 of the Realm of Zot)
 y - a wand of enslavement (4)
   (You found it on level 4 of the Dungeon)
 D - a wand of polymorph (51)
   (You found it on level 3 of the Spider Nest)
 U - a wand of scattershot (7)
   (You found it on level 2 of the Depths)
Scrolls
 f - 2 scrolls of identify {@r1}
 k - 29 scrolls of remove curse {@r2}
 A - 9 scrolls of fear
 F - 8 scrolls of magic mapping
 R - 16 scrolls of teleportation {@r4}
 S - 7 scrolls of blinking
 V - a scroll of torment
 Z - 5 scrolls of vulnerability {!r}
Potions
 h - 2 potions of invisibility
 j - 2 potions of flight
 r - 7 potions of haste {@q3}
 w - a potion of resistance
 E - 17 potions of curing {@q1}
 H - a potion of might
 I - 3 potions of agility
 O - 4 potions of brilliance
 X - 9 potions of magic
 Y - 4 potions of cancellation
Miscellaneous
 o - 2 phantom mirrors
 G - a phial of floods
   (You found it on level 6 of the Lair of Beasts)
 K - a box of beasts
 W - a lamp of fire
   (You found it on level 5 of the Vaults)
Comestibles
 e - 93 rations {!d}


   Skills:
 + Level 22.2 Fighting
 + Level 16.7 Throwing
 + Level 16.6 Armour
 + Level 16.8 Dodging
 + Level 13.6 Shields
 + Level 22.3 Unarmed Combat
 + Level 12.1 Spellcasting
 + Level 14.2 Necromancy
 - Level 9.0 Translocations
 - Level 16.6 Earth Magic
 - Level 7.0 Invocations
 + Level 15.2 Evocations


You had 43 spell levels left.
You knew the following spells:

 Your Spells              Type           Power        Failure   Level  Hunger
b - Blink                 Tloc           N/A          1%          2    None
f - Borgnjor's Vile Clut  Necr/Erth      #####.....   1%          5    #####..

Your spell library contained the following spells:

 Spells                   Type           Power        Failure   Level  Hunger
 Animate Skeleton         Necr           N/A          1%          1    None
 Corpse Rot               Necr           N/A          1%          2    None
 Gell's Gravitas          Tloc           ####......   1%          3    #......
 Regeneration             Chrm/Necr      ####......   1%          3    #......
 Stone Arrow              Conj/Erth      ####..       1%          3    #......
 Vampiric Draining        Necr           #####.....   1%          3    #......
 Animate Dead             Necr           N/A          1%          4    ###....
 Leda's Liquefaction      Hex/Erth       ####......   1%          4    ###....
 Agony                    Necr           #####...     1%          5    #####..
 Dispel Undead            Necr           #####...     1%          5    #####..
 Portal Projectile        Hex/Tloc       ###...       2%          3    #......
 Recall                   Summ/Tloc      N/A          2%          3    #......
 Death Channel            Necr           #####.....   2%          6    ######.
 Flame Tongue             Conj/Fire      ##...        5%          1    None
 Freeze                   Ice            ##..         5%          1    None
 Magic Dart               Conj           ##..         5%          1    None
 Shock                    Conj/Air       ##..         5%          1    None
 Summon Butterflies       Summ           ##......     5%          1    None
 Call Imp                 Summ           ##......     8%          2    None
 Ensorcelled Hibernation  Hex/Ice        ##....       8%          2    None
 Searing Ray              Conj           ##....       8%          2    None
 Slow                     Hex            ##......     8%          2    None
 Swiftness                Chrm/Air       ##......     8%          2    None
 Throw Flame              Conj/Fire      ##....       8%          2    None
 Throw Frost              Conj/Ice       ##....       8%          2    None
 Excruciating Wounds      Chrm/Necr      ####......   8%          5    #####..
 Force Lance              Conj/Tloc      ###.....     9%          4    ###....
 Call Canine Familiar     Summ           ##......     14%         3    #......
 Conjure Flame            Conj/Fire      ##......     14%         3    #......
 Dazzling Spray           Conj/Hex       ##....       14%         3    #......
 Inner Flame              Hex/Fire       ##......     14%         3    #......
 Mephitic Cloud           Conj/Pois/Air  ##......     14%         3    #......
 Ozocubu's Armour         Chrm/Ice       ##......     14%         3    #......
 Spectral Weapon          Hex/Chrm       ##......     14%         3    #......
 Static Discharge         Conj/Air       ##......     14%         3    #......
 Dispersal                Tloc           ####......   19%         6    ######.
 Summon Forest            Summ/Tloc      ###.......   21%         5    #####..
 Simulacrum               Ice/Necr       ####......   34%         6    ######.
 Airstrike                Air            ##........   41%         4    ###....
 Cause Fear               Hex            ##........   41%         4    ###....
 Fulminant Prism          Conj/Hex       ##........   41%         4    ###....
 Iskenderun's Mystic Bla  Conj           ##......     41%         4    ###....
 Sticky Flame             Conj/Fire      ##......     41%         4    ###....
 Summon Ice Beast         Ice/Summ       ##......     41%         4    ###....
 Throw Icicle             Conj/Ice       ##......     41%         4    ###....
 Aura of Abjuration       Summ           ##........   71%         5    #####..
 Fireball                 Conj/Fire      ##........   71%         5    #####..
 Lightning Bolt           Conj/Air       ##........   71%         5    #####..
 Silence                  Hex/Air        ##........   71%         5    #####..
 Summon Demon             Summ           ##........   71%         5    #####..
 Summon Mana Viper        Hex/Summ       ##......     71%         5    #####..
 Yara's Violent Unravell  Hex/Tmut       ##........   71%         5    #####..
 Malign Gateway           Summ/Tloc      ###.......   98%         7    #######
 Darkness                 Hex            ##........   99%         6    ######.
 Deflect Missiles         Chrm/Air       ##........   99%         6    ######.
 Poison Arrow             Conj/Pois      ##........   99%         6    ######.
 Shadow Creatures         Summ           N/A          99%         6    ######.
 Controlled Blink         Tloc           N/A          99%         8    #######
 Disjunction              Tloc           ####......   99%         8    #######
 Lehudib's Crystal Spear  Conj/Erth      ####......   99%         8    #######
 Monstrous Menagerie      Summ           ##........   100%        7    #######
 Ring of Flames           Chrm/Fire      ##........   100%        7    #######
 Summon Greater Demon     Summ           ##........   100%        7    #######
 Summon Hydra             Summ           ##........   100%        7    #######
 Chain Lightning          Conj/Air       ##........   100%        8    #######
 Discord                  Hex            ##........   100%        8    #######
 Summon Horrible Things   Summ           ##........   100%        8    #######
 Fire Storm               Conj/Fire      ##........   100%        9    #######
 Glaciate                 Conj/Ice       ##........   100%        9    #######
 Ice Form                 Ice/Tmut       Unusable     N/A         4    N/A
 Hydra Form               Tmut           Unusable     N/A         6    N/A

Dungeon Overview and Level Annotations

Branches:
Dungeon (15/15)            Temple (1/1) D:4            Lair (6/6) D:10
  Swamp (4/4) Lair:2       Spider (4/4) Lair:2        Slime (1/5) Lair:5
    Orc (2/2) D:12            Elf (3/3) Orc:2        Vaults (5/5) D:14
  Crypt (0/3) Vaults:2     Depths (5/5) D:15            Zot (5/5) Depths:5

Altars:
Ashenzari
Cheibriados
Dithmenos
Elyvilon
Fedhas
Gozag
Hepliaklqana
Kikubaaqudgha
Makhleb
Nemelex Xobeh
Okawaru
Qazlal
Ru
Sif Muna
Trog
Uskayaw
Vehumet
Wu Jian
Xom
Yredelemnul
Zin
The Shining One
Beogh
Jiyva

Shops:
Orc:2 (*}}   Elf:1 %   Elf:2 *   Elf:3 :   Vaults:1 *?[([   Vaults:2 =
Vaults:3 *   Vaults:5 !?!   Depths:1 *   Depths:3 }   Depths:4 *

Portals:
Hell: Depths:1 Depths:2 Depths:3 Depths:4 Depths:5
Abyss: Depths:4 Depths:5
Pandemonium: Depths:1 Depths:2 Depths:3 Depths:4
Ziggurat: Depths:3
Trove: Elf:2 (give horn of Geryon)


Innate Abilities, Weirdness & Mutations

Your body is rotting away.
You thrive on raw meat.
You are immune to poison.
You have sharp fingernails.
You are carnivorous and can eat meat at any time.
Your flesh is cold resistant. (rC+)
You are immune to negative energy. (rN+++)
You do not regenerate when monsters are visible.
You are immune to unholy pain and torment.
You can survive without breathing.


Message History

Okawaru accepts your kill.
The zombie hands constrict Wer Qubu.
The zombie hands constrict the ynoxinul.
The mass of ice explodes!
The iceblast engulfs Wer Qubu!!
Wer Qubu is frozen!
The zombie hands constrict Wer Qubu.
The zombie hands constrict the ynoxinul.
Wer Qubu closely misses you.
The ynoxinul gestures.
The mass of ice explodes!
The iceblast engulfs Wer Qubu!
Wer Qubu is frozen!
The zombie hands constrict Wer Qubu.
The zombie hands constrict the ynoxinul.
You kill the ynoxinul!
Okawaru accepts your kill.
The ufetubus disappears in a puff of smoke! x2
You block Wer Qubu's attack.
You eviscerate Wer Qubu!!!
The zombie hands constrict Wer Qubu, but do no damage.
Wer Qubu completely misses you.
You scratch Wer Qubu but do no damage.
The zombie hands constrict Wer Qubu!
You block Wer Qubu's attack.
You scratch Wer Qubu but do no damage.
The zombie hands constrict Wer Qubu, but do no damage.
You scratch Wer Qubu.
The zombie hands constrict Wer Qubu.
Wer Qubu hits you but does no damage.
You mangle Wer Qubu!!
The zombie hands constrict Wer Qubu.
Wer Qubu hits you!! Wer Qubu freezes you.
You eviscerate Wer Qubu!!!
The zombie hands constrict Wer Qubu.
The zombie hands release their grip on Wer Qubu.
Decaying hands burst forth from the earth!
Zombie hands grab Wer Qubu.
The zombie hands constrict Wer Qubu, but do no damage.
You block Wer Qubu's attack.
You scratch Wer Qubu.
The zombie hands constrict Wer Qubu.
You block Wer Qubu's attack.
You scratch Wer Qubu but do no damage.
The zombie hands constrict Wer Qubu, but do no damage.
You eviscerate Wer Qubu!!!
The zombie hands constrict Wer Qubu.
You block Wer Qubu's attack.
You eviscerate Wer Qubu!!!
You kill Wer Qubu!
Okawaru is honoured by your kill. Something appears at your feet!
Okawaru grants you ammunition!
You feel your intelligence returning.
m - 14 javelins of penetration (gained 8)
There are no items here.
Things that are here:
22 arrows; a whip
There is a staircase leading out of the dungeon here.
You have escaped!

.##.## #.#### ..#.#
#....#
#.#.######.#..########
#.#.##...............#
#.#.##.......#.....#.#
....##.....#(#.....#.#
##..##.....#.#.....#.#
##..##.....#.#.....#.#
...........#.#..@..#.#
##..##....##.#.....#.#
...>##....##.#.....#.#
############.#.....#.#
...........#.#.....#.#
##########...........#
#...........#
##########.###########
...........#


There were no monsters in sight!

Vanquished Creatures
  A pandemonium lord (D:1)
  3 orbs of fire
  14 ancient liches
  Boris (Depths:4)
  A Killer Klown (Zot:5)
  the Lernaean hydra (Swamp:4)
  Margery (Depths:3)
  The ghost of Faydane the Hoplite, a veteran HuFi of the Shining One (Vaults:4)
  Saint Roka (Orc:2)
  5 curse toes
  16 golden dragons
  A profane servitor (Abyss:5)
  Jory (Vaults:2)
  4 bone dragons
  Arachne (Spider:3)
  7 electric golems
  A lich (Vaults:4)
  14 tentacled monstrosities
  2 Ice Fiends
  26 Orb Guardians
  A moon troll (WizLab)
  5 titans (Vaults:5)
  2 deep elf master archers (Elf:3)
  2 deep elf blademasters (Elf:3)
  A kraken (Abyss:5)
  8 quicksilver dragons
  3 sphinxes
  13 tentacled starspawn
  9 death cobs
  Gastronok (D:8)
  Donald (Vaults:4)
  2 thorn hunters
  A revenant (Abyss:5)
  10 tengu reavers
  19 storm dragons
  15 shadow dragons
  3 draconian monks
  6 fire giants
  9 frost giants
  5 draconian knights
  6 ghost moths
  11 deep elf sorcerers
  5 draconian scorchers
  A ghost moth (shapeshifter) (D:12)
  5 iron dragons
  3 emperor scorpions (Spider:4)
  22 vault wardens
  4 draconian stormcallers
  A balrug (Depths:2)
  3 cacodemons
  3 draconian shifters
  4 deep elf elementalists
  2 spriggan defenders (Depths:4)
  30 stone giants
  12 ironheart preservers
  3 war gargoyles (Vaults:5)
  8 draconian annihilators
  32 very ugly things
  6 deep elf demonologists
  10 entropy weavers
  12 green draconians
  7 vampire knights
  9 black draconians
  11 deep elf annihilators
  8 purple draconians
  12 red draconians
  A lorocyproca (Abyss:5)
  13 yellow draconians
  Azrael (D:13)
  14 spark wasps
  10 white draconians
  A green death (D:15)
  14 deep elf death magi
  3 jiangshi (Depths:2)
  15 ettins
  9 fire dragons
  12 yaktaur captains
  4 crystal guardians
  A blizzard demon (Abyss:5)
  Snorg (Lair:5)
  6 deep elf high priests
  Harold (D:7)
  Josephine (D:10)
  38 vault guards
  8 great orbs of eyes
  8 ice dragons
  A quicksilver dragon skeleton (Depths:4)
  10 ogre magi
  2 naga warriors (Abyss:5)
  23 hydras
  2 ghost crabs (Swamp:4)
  9 rakshasas
  4 spriggan air magi (Depths:5)
  An anaconda (Abyss:5)
  10 centaur warriors
  A death knight (Vaults:5)
  A shambling mangrove (Swamp:2)
  The ghost of teukkam the Protected, a novice MiFi of Gozag (Lair:1)
  A catoblepas (Abyss:5)
  9 deep troll shamans
  11 alligators
  42 two-headed ogres
  A queen ant (shapeshifter) (Abyss:5)
  A spectral frost giant (Vaults:4)
  A death yak (shapeshifter) (Depths:4)
  A queen ant (Spider:2)
  9 tengu warriors
  A spectral fire giant (Vaults:4)
  11 deep troll earth magi
  A titan zombie (Depths:4)
  A satyr (Abyss:5)
  6 hell hogs
  11 thrashing horrors
  6 spriggan berserkers
  28 dancing weapons
  4 orc high priests (Orc:2)
  2 vampire magi
  2 spectral storm dragons (Vaults:4)
  A soul eater (Depths:4)
  Sonja (D:13)
  17 deep elf knights
  A spectral yaktaur (Vaults:4)
  Nergalle (D:10)
  20 hell knights
  6 skeletal warriors
  A sun demon (Depths:1)
  23 deep trolls
  2 shadow wraiths (Depths:4)
  5 wretched stars (Abyss:5)
  2 sixfirhies
  A golden dragon zombie (Depths:4)
  15 glowing orange brains
  2 spriggan druids
  A deep troll (shapeshifter) (Depths:4)
  A storm dragon skeleton (Vaults:2)
  2 orange crystal statues
  2 spatial maelstroms (Abyss:5)
  A cherub (Depths:3)
  3 iron trolls
  10 wizards
  5 unseen horrors
  A death drake (shapeshifter) (Vaults:1)
  8 swamp dragons (Swamp:4)
  21 starcursed masses (Abyss:5)
  A tengu zombie (Depths:4)
  2 flayed ghosts (Depths:4)
  18 deep elf archers
  26 wolf spiders
  Pikel (D:4)
  A lindwurm (shapeshifter) (Depths:4)
  6 phantasmal warriors
  14 orb spiders
  5 oklob plants
  4 necromancers
  22 ironbrand convokers
  10 orc sorcerers
  60 deep elf magi
  A mana viper (Abyss:5)
  22 orc knights
  46 ugly things
  A mana viper (shapeshifter) (Vaults:3)
  A salamander (shapeshifter) (Abyss:5)
  3 manticores
  30 moths of wrath
  4 salamanders
  A worldbinder (Abyss:5)
  10 cyclopes
  25 vault sentinels
  26 large abominations
  6 elephants
  An ice statue (IceCv)
  3 eyes of devastation (WizLab)
  2 frost giant skeletons
  3 apocalypse crabs (Abyss:5)
  A guardian serpent (Abyss:5)
  2 rust devils
  2 torpor snails
  2 hellions
  3 black mambas (shapeshifter)
  2 gargoyles
  A spectral elf (Depths:4)
  3 black mambas
  36 spiny frogs
  2 orange demons
  3 smoke demons (Abyss:5)
  A rime drake (Lair:3)
  7 freezing wraiths
  7 ice devils
  44 yaktaurs
  14 demonic crawlers
  2 efreet
  A tormentor (Abyss:5)
  7 tengu conjurers
  6 komodo dragons
  A komodo dragon (shapeshifter) (Vaults:1)
  4 hellwings (Depths:4)
  8 red devils
  2 queen bees
  9 ancient zymes (Abyss:5)
  A yaktaur skeleton (Vaults:2)
  6 meliai
  A queen bee (shapeshifter) (Vaults:4)
  17 trolls
  2 merfolk (shapeshifter)
  2 meliai (shapeshifter)
  26 jumping spiders
  A jumping spider (shapeshifter) (Vaults:3)
  16 tyrant leeches
  28 blink frogs
  A harpy skeleton (D:14)
  24 hornets
  A shadow dragon simulacrum (Abyss:5)
  A frost giant simulacrum (Abyss:5)
  A wind drake (Abyss:5)
  11 dream sheep (Lair:6)
  43 slime creatures
  A tengu simulacrum (Vaults:4)
  12 bog bodies
  A hippogriff (shapeshifter) (Vaults:1)
  2 raiju (shapeshifter)
  3 human simulacra
  13 raiju
  A stone giant simulacrum (Vaults:4)
  10 hippogriffs
  A blink frog (shapeshifter) (Vaults:2)
  A fire giant simulacrum (Vaults:3)
  An ettin zombie (Vaults:2)
  2 air elementals
  5 centaur simulacra
  9 flying skulls (Abyss:5)
  18 water elementals
  2 vampires
  A human (D:11)
  10 wraiths
  6 ynoxinuls
  4 wyverns
  A hog (shapeshifter) (Vaults:1)
  102 redbacks
  45 tarantellas
  5 fire elementals
  67 yaks
  4 neqoxecs
  4 hungry ghosts
  9 spriggans
  A basilisk (Lair:6)
  2 hogs (D:11)
  6 golden eyes
  5 chaos spawn
  A spatial vortex (Abyss:5)
  Menkaure (D:4)
  A death yak simulacrum (IceCv)
  A steam dragon (D:9)
  A naga (Abyss:5)
  A swamp worm (shapeshifter) (Vaults:3)
  13 two-headed ogre zombies (D:11)
  27 vampire mosquitoes
  A soldier ant (shapeshifter) (Vaults:4)
  15 insubstantial wisps
  19 soldier ants
  10 swamp worms
  5 iron troll simulacra (IceCv)
  12 wargs
  6 harpy simulacra (IceCv)
  7 hell hounds
  A floating eye (shapeshifter) (Vaults:2)
  9 water moccasins
  Duvessa (D:5)
  5 hydra simulacra (IceCv)
  An acid dragon (Vaults:1)
  4 floating eyes (Depths:4)
  A naga (shapeshifter) (Vaults:2)
  70 orc warriors
  7 porcupines
  A black bear (D:10)
  A black bear (shapeshifter) (Vaults:3)
  9 small abominations
  14 swamp drakes
  5 ettin simulacra
  3 eyes of draining
  7 sky beasts
  2 slaves (D:4)
  A fire dragon simulacrum (Abyss:5)
  6 ice beasts
  2 alligator simulacra (IceCv)
  3 phantoms
  A boggart (shapeshifter) (Depths:4)
  36 ogres
  2 boggarts (Vaults:2)
  2 eyes of draining (shapeshifter)
  27 centaurs
  2 big kobolds
  14 crocodiles
  5 earth elementals
  24 bullfrogs
  A wyvern zombie (D:14)
  Dowan (D:5)
  5 scorpions
  2 elf simulacra (Vaults:4)
  61 killer bees
  A water moccasin skeleton (D:9)
  10 wights
  A swamp dragon simulacrum (IceCv)
  5 howler monkeys
  3 electric eels
  A lava snake (D:11)
  8 crimson imps
  3 bullfrog zombies
  2 draconian simulacra (IceCv)
  4 quasits
  5 centaur zombies
  A gnoll shaman (D:9)
  3 human zombies (D:10)
  42 orc priests
  Crazy Yiuf (D:5)
  10 centaur skeletons
  4 hounds
  5 jellies
  31 orc wizards
  2 iguanas
  An iron imp (D:9)
  2 human skeletons (D:10)
  Ijyb (D:5)
  6 hell rats (Lair:5)
  A spriggan simulacrum (IceCv)
  2 troll simulacra (IceCv)
  28 worker ants
  An ogre zombie (D:11)
  2 hound zombies
  An ogre skeleton (Abyss:5)
  A hound skeleton (D:8)
  A mummy (D:10)
  10 gnolls
  A worker ant zombie (D:9)
  14 adders
  3 naga simulacra (IceCv)
  An ogre simulacrum (IceCv)
  A shadow imp (D:6)
  10 white imps
  8 ufetubi (IceCv)
  An adder skeleton (D:4)
  4 worms
  3 dart slugs
  7 leopard geckos
  169 orcs
  2 ball pythons
  2 giant cockroaches
  9 goblins
  10 hobgoblins
  13 jackals
  4 quokkas
  6 bats
  7 frilled lizards
  A goblin skeleton (D:9)
  2 goblin zombies (D:9)
  3 hobgoblin zombies (D:9)
  18 kobolds
  2 orc skeletons (D:9)
  2 orc zombies
  7 rats
  A briar patch (Swamp:1)
  5 bushes (Lair:4)
  10 crawling corpses
  A fungus (Swamp:4)
  A lurking horror (Abyss:5)
  6 plants
  9 starspawn tentacles
  4 tentacles (Abyss:5)
3040 creatures vanquished.

Vanquished Creatures (collateral kills)
  A Killer Klown (Zot:5)
  A deep elf elementalist (Vaults:5)
  A deep elf high priest (Vaults:5)
  Erolcha (D:11)
  A moth of wrath (Spider:1)
  A demonic crawler (Spider:1)
  2 redbacks (Spider:2)
  A swamp worm (Swamp:1)
  2 two-headed ogre zombies (D:11)
  A starcursed mass (Abyss:5)
  A worker ant (Spider:2)
13 creatures vanquished.

Vanquished Creatures (others)
  Louise (Depths:4)
  A war gargoyle (Vaults:5)
  2 stone giants
  A deep elf demonologist (Elf:3)
  2 merfolk javelineers
  3 vault guards (Vaults:5)
  A great orb of eyes (Depths:3)
  A hydra (Swamp:4)
  A centaur warrior (Depths:4)
  5 thrashing horrors (Abyss:5)
  A hell hog (D:15)
  A deep elf knight (Elf:3)
  2 deep elf archers
  A deep elf mage (Elf:3)
  2 wolf spiders
  An eye of devastation (Abyss:5)
  5 yaktaurs
  A hornet (Depths:5)
  A tyrant leech (Spider:4)
  A tarantella (Spider:2)
  A redback (Spider:2)
  An orc warrior (Vaults:4)
  A sky beast (D:12)
  2 slaves (D:5)
  A swamp drake (Swamp:4)
  3 boggarts
  A centaur (Depths:2)
  An ogre (Vaults:2)
  2 killer bees (D:12)
  A crimson imp (Depths:4)
  A quasit (Depths:1)
  A jelly (Abyss:5)
  2 orcs
  3 bushes
  4 crawling corpses
  2 demonic plants (Abyss:5)
  9 fungi
  72 plants
  37 starspawn tentacles
  8 tentacles (Abyss:5)
187 creatures vanquished.

Grand Total: 3240 creatures vanquished

Notes
Turn   | Place    | Note
-------+----------+-------------------------------------------
     0 | D:1      | MalarOregon the Ghoul Gladiator began the quest for the
                  | Orb.
     0 | D:1      | Reached XP level 1. HP: 17/17 MP: 0/0
   171 | D:1      | Reached XP level 2. HP: 24/25 MP: 1/1
   679 | D:2      | Reached XP level 3. HP: 23/29 MP: 2/2
   952 | D:2      | Reached XP level 4. HP: 38/38 MP: 3/3
  1576 | D:2      | Found a bloodstained altar of Trog.
  1822 | D:3      | You fall through a shaft for 2 floors!
  1822 | D:5      | Entered Level 5 of the Dungeon
  1822 | D:5      | Found a runed translucent door.
  1822 | D:5      | Noticed Crazy Yiuf
  1828 | D:5      | Killed Crazy Yiuf
  1828 | D:5      | Reached skill level 1 in Armour
  1828 | D:5      | Reached XP level 5. HP: 38/45 MP: 4/4
  1939 | D:5      | Noticed a centaur
  1950 | D:5      | Killed a centaur
  1953 | D:5      | Noticed Duvessa
  1964 | D:5      | Noticed Dowan
  1971 | D:5      | Reached XP level 6. HP: 36/52 MP: 5/5
  1994 | D:5      | Got a black opal-encrusted ring mail
  2280 | D:4      | Found a staircase to the Ecumenical Temple.
  2313 | Temple   | Entered the Ecumenical Temple
  2531 | D:4      | Reached skill level 5 in Unarmed Combat
  2536 | D:4      | Reached XP level 7. HP: 24/60 MP: 6/6
  3022 | D:3      | Found a white marble altar of Elyvilon.
  3453 | D:4      | Reached skill level 5 in Fighting
  3718 | D:4      | Found an iron altar of Okawaru.
  3814 | D:4      | Became a worshipper of Warmaster Okawaru
  3873 | D:5      | Noticed Pikel
  3873 | D:5      | Noticed Ijyb
  4020 | D:5      | Noticed Menkaure
  4036 | D:4      | Killed Menkaure
  4095 | D:4      | Reached XP level 8. HP: 48/69 MP: 7/7
  4239 | D:4      | Killed Pikel
  4239 | D:4      | Reached * piety under Okawaru
  4376 | D:5      | Found a stormy altar of Qazlal.
  4474 | D:5      | Found a shattered altar of Ashenzari.
  4510 | D:5      | Killed Ijyb
  4774 | D:5      | Killed Duvessa
  4780 | D:5      | Killed Dowan
  4780 | D:5      | Reached XP level 9. HP: 75/78 MP: 8/8
  4880 | D:6      | Reached ** piety under Okawaru
  5093 | D:6      | Identified the +3 ring mail "Room Iba" {rN++ Regen+ Dex-5
                  | SInv} (You found it on level 5 of the Dungeon)
  5359 | D:6      | Reached skill level 5 in Dodging
  5968 | D:6      | Reached *** piety under Okawaru
  6263 | D:6      | Reached skill level 5 in Throwing
  6330 | D:7      | Reached XP level 10. HP: 51/88 MP: 9/9
  6517 | D:7      | Noticed an angel
  6518 | D:7      | Found a shimmering altar of Xom.
  6518 | D:7      | Found a glowing silver altar of Zin.
  6587 | D:7      | Reached **** piety under Okawaru
  6879 | D:8      | Received a gift from Okawaru
  7784 | D:8      | Noticed Gastronok
  8050 | D:8      | Noticed Harold
  8188 | D:8      | Reached skill level 5 in Armour
  8861 | D:7      | Killed Harold
  8861 | D:7      | Reached ***** piety under Okawaru
  9078 | D:8      | Found a roughly hewn altar of Beogh.
  9435 | D:8      | Reached skill level 10 in Unarmed Combat
  9575 | D:9      | Found a glowing golden altar of the Shining One.
 10126 | D:8      | Killed Gastronok
 10126 | D:8      | Reached skill level 10 in Fighting
 10126 | D:8      | Reached XP level 11. HP: 63/98 MP: 8/10
 10153 | D:8      | Found a roughly hewn altar of Beogh.
 10441 | D:8      | Received a gift from Okawaru
 10728 | D:9      | Noticed a two-headed ogre
 11061 | D:9      | Killed a two-headed ogre
 11443 | D:9      | Received a gift from Okawaru
 11544 | D:9      | Found an opulent altar of Gozag.
 11910 | D:10     | Entered Level 10 of the Dungeon
 11912 | D:10     | Noticed a two-headed ogre
 11969 | D:10     | Noticed an unseen horror
 12016 | D:9      | Killed an unseen horror
 12318 | D:10     | Noticed Nergalle
 12336 | D:10     | Killed Nergalle
 12336 | D:10     | Received a gift from Okawaru
 12420 | D:10     | Found a staircase to the Lair.
 12428 | D:10     | Noticed Josephine
 12439 | D:9      | Reached ****** piety under Okawaru
 12576 | D:9      | Received a gift from Okawaru
 12736 | D:9      | Reached XP level 12. HP: 47/110 MP: 11/11
 13013 | D:10     | Killed Josephine
 13417 | D:10     | Killed a two-headed ogre
 13480 | D:10     | Found a basalt altar of Yredelemnul.
 13810 | Lair:1   | Entered Level 1 of the Lair of Beasts
 14169 | D:10     | Received a gift from Okawaru
 14651 | Lair:1   | Found a runed translucent door.
 14652 | Lair:1   | Noticed a five-headed hydra
 14653 | Lair:1   | Noticed teukkam's ghost (novice MiFi)
 14928 | Lair:2   | Noticed a six-headed hydra
 14939 | Lair:2   | Killed a six-headed hydra
 15058 | Lair:2   | Received a gift from Okawaru
 15064 | Lair:2   | Found a staircase to the Swamp.
 15404 | Lair:2   | Found a hole to the Spider Nest.
 15421 | Lair:2   | Reached skill level 1 in Invocations
 15596 | Lair:3   | Reached skill level 1 in Shields
 15596 | Lair:3   | Reached XP level 13. HP: 119/119 MP: 12/12
 15608 | Lair:3   | Reached skill level 1 in Evocations
 16334 | Lair:3   | Learned a level 2 spell: Blink
 18104 | Lair:5   | Noticed Snorg
 18116 | Lair:5   | Killed Snorg
 18116 | Lair:5   | Received a gift from Okawaru
 18117 | Lair:5   | Got a crude plate armour {god gift}
 18131 | Lair:5   | Identified the +14 plate armour "Binuh" {rElec rC+ rN+++
                  | Stlth+} (Okawaru gifted it to you on level 5 of the Lair of
                  | Beasts)
 18409 | Lair:5   | Got a faintly glowing glass ring
 18606 | Lair:5   | Found a staircase to the Slime Pits.
 18606 | Lair:5   | Found a viscous altar of Jiyva.
 18899 | Lair:6   | Entered Level 6 of the Lair of Beasts
 19219 | Lair:6   | Reached XP level 14. HP: 122/128 MP: 12/15
 19314 | Lair:6   | Received a gift from Okawaru
 19632 | Lair:6   | Received a gift from Okawaru
 20369 | Lair:6   | Identified the ring of Hyreosos {rPois Dex+5} (You found it
                  | on level 5 of the Lair of Beasts)
 20509 | Lair:1   | Killed teukkam's ghost
 20762 | D:11     | Received a gift from Okawaru
 21060 | D:11     | Reached skill level 5 in Invocations
 21163 | D:11     | Noticed Erolcha
 21199 | D:11     | Killed Erolcha
 21307 | D:11     | Received a gift from Okawaru
 21893 | D:11     | Reached XP level 15. HP: 136/138 MP: 17/17
 22552 | D:12     | Found a staircase to the Orcish Mines.
 22664 | D:12     | Received a gift from Okawaru
 22722 | D:12     | Identified the +11 short sword of Attainder {holy, rF++ rC+
                  | MR+}
 22861 | D:12     | Reached skill level 5 in Evocations
 22877 | D:12     | Noticed a ghost moth
 22880 | D:12     | Killed a ghost moth
 22880 | D:12     | Received a gift from Okawaru
 23664 | D:13     | Reached skill level 15 in Unarmed Combat
 23996 | D:13     | Noticed Sonja
 24001 | D:13     | Killed Sonja
 24033 | D:13     | Noticed Azrael
 24058 | D:13     | Killed Azrael
 24341 | D:14     | Reached skill level 15 in Fighting
 24586 | D:14     | Reached skill level 10 in Dodging
 24603 | D:14     | Reached XP level 16. HP: 101/149 MP: 18/18
 24740 | D:14     | Found a gate to the Vaults.
 24810 | D:14     | Received a gift from Okawaru
 25217 | D:15     | Entered Level 15 of the Dungeon
 25254 | D:15     | Received a gift from Okawaru
 25364 | D:15     | Reached skill level 10 in Throwing
 25827 | D:15     | Received a gift from Okawaru
 26126 | D:15     | Found a staircase to the Depths.
 26134 | D:15     | Received a gift from Okawaru
 26531 | Spider:1 | Entered Level 1 of the Spider Nest
 26590 | Spider:1 | Reached skill level 10 in Armour
 27426 | Spider:2 | Identified the +8 flail of Sutamik {antimagic, Int-4 Dex+6}
                  | (You found it on level 2 of the Spider Nest)
 27430 | Spider:2 | Received a gift from Okawaru
 27447 | Spider:2 | Identified the +9 hand crossbow of Dullness {flame, +Blink
                  | rN+} (Okawaru gifted it to you on level 2 of the Spider
                  | Nest)
 27472 | Spider:2 | Reached XP level 17. HP: 151/158 MP: 20/20
 27882 | Spider:2 | Received a gift from Okawaru
 28540 | Spider:3 | Identified the +7 long sword "Arcanum" {freeze, rElec MR+}
                  | (You found it on level 3 of the Spider Nest)
 28901 | Spider:3 | Received a gift from Okawaru
 29843 | Spider:4 | Entered Level 4 of the Spider Nest
 29920 | Spider:4 | Noticed Arachne
 30058 | Spider:3 | Killed Arachne
 30800 | Spider:4 | Received a gift from Okawaru
 31354 | Spider:4 | Reached XP level 18. HP: 169/169 MP: 19/22
 31366 | Spider:4 | Received a gift from Okawaru
 31462 | Spider:4 | Got a gossamer rune of Zot
 31640 | Swamp:1  | Entered Level 1 of the Swamp
 32072 | Swamp:1  | Found a sacrificial altar of Ru.
 33635 | Swamp:3  | Found a frozen archway.
 33649 | IceCv    | Entered an ice cave
 34133 | IceCv    | Noticed an Ice Fiend
 34158 | IceCv    | Killed an Ice Fiend
 34158 | IceCv    | Received a gift from Okawaru
 34169 | IceCv    | Got a pitted dire flail {god gift}
 34183 | IceCv    | Identified the Disquisition on Unholy Snow
 34188 | IceCv    | Got a warped dagger
 34830 | Swamp:4  | Entered Level 4 of the Swamp
 35112 | Swamp:4  | Received a gift from Okawaru
 35143 | Swamp:4  | Reached XP level 19. HP: 94/179 MP: 3/24
 35173 | Swamp:4  | Received a gift from Okawaru
 35204 | Swamp:4  | Identified the +0 animal skin of the Planets {rPois Str+7}
                  | (Okawaru gifted it to you on level 4 of the Swamp)
 35406 | Swamp:4  | Noticed the 27-headed Lernaean hydra
 35424 | Swamp:4  | Killed the 27-headed Lernaean hydra
 35596 | Swamp:4  | Got a decaying rune of Zot
 35731 | Lair:2   | Learned a level 5 spell: Borgnjor's Vile Clutch
 35855 | Orc:1    | Entered Level 1 of the Orcish Mines
 36123 | Orc:2    | Entered Level 2 of the Orcish Mines
 36484 | Orc:2    | Reached skill level 1 in Translocations
 36531 | Orc:2    | Reached skill level 1 in Earth Magic
 36612 | Orc:2    | Found a staircase to the Elven Halls.
 36736 | Orc:2    | Found a roughly hewn altar of Beogh.
 36736 | Orc:2    | Noticed Saint Roka
 36804 | Orc:2    | Killed Saint Roka
 36804 | Orc:2    | Reached skill level 1 in Spellcasting
 36804 | Orc:2    | Reached skill level 1 in Necromancy
 36890 | Orc:2    | Found Xunwud's Gadget Boutique.
 37110 | Orc:2    | Found a roughly hewn altar of Beogh.
 37199 | Orc:2    | Found Ecaff's Antique Weapon Boutique.
 37224 | Orc:2    | Found Unte's General Store.
 37434 | Orc:2    | Bought a wand of paralysis (11) for 182 gold pieces
 37434 | Orc:2    | Bought a wand of polymorph (8) for 140 gold pieces
 37434 | Orc:2    | Bought a wand of iceblast (3) for 98 gold pieces
 37434 | Orc:2    | Bought a wand of polymorph (8) for 140 gold pieces
 37464 | Orc:2    | Found Paomaeb's Gadget Shop.
 38058 | Elf:1    | Entered Level 1 of the Elven Halls
 38288 | Elf:1    | Found Kuotsick's Food Shop.
 38302 | Elf:1    | Found a radiant altar of Vehumet.
 39070 | Slime:1  | Entered Level 1 of the Pits of Slime
 39302 | Vaults:1 | Entered Level 1 of the Vaults
 39353 | Vaults:1 | Received a gift from Okawaru
 39428 | Vaults:1 | Received a gift from Okawaru
 39577 | Vaults:1 | Found Zapot's Antique Weapon Shoppe.
 39601 | Vaults:1 | Reached skill level 5 in Shields
 39634 | Vaults:1 | Found Ykum Divepn's Armour Shoppe.
 39650 | Vaults:1 | Reached XP level 20. HP: 185/188 MP: 24/26
 39740 | Vaults:1 | Received a gift from Okawaru
 39811 | Vaults:1 | Bought the +1 cloak of Starlight {rElec rC+ EV+4 Stlth--}
                  | for 712 gold pieces
 39811 | Vaults:1 | Found the +1 cloak of Starlight {rElec rC+ EV+4 Stlth--}
 39919 | Vaults:1 | Found Cydug's Armour Boutique.
 40433 | Vaults:1 | Found Tiss's General Store.
 40433 | Vaults:1 | Found Tamecred's Armour Shop.
 40437 | Vaults:1 | Bought a potion of curing for 54 gold pieces
 40437 | Vaults:1 | Bought a wand of iceblast (10) for 252 gold pieces
 40437 | Vaults:1 | Bought a scroll of silence for 135 gold pieces
 40437 | Vaults:1 | Bought a scroll of fear for 63 gold pieces
 40437 | Vaults:1 | Bought a scroll of teleportation for 54 gold pieces
 40437 | Vaults:1 | Bought a potion of might for 72 gold pieces
 40437 | Vaults:1 | Bought a potion of heal wounds for 90 gold pieces
 40580 | Vaults:1 | Found Kabbeis's Magic Scroll Boutique.
 40586 | Vaults:1 | Bought a scroll of fear for 59 gold pieces
 41032 | Vaults:2 | Received a gift from Okawaru
 41049 | Vaults:2 | Noticed Jory
 41065 | Vaults:2 | Killed Jory
 41709 | Vaults:2 | Found Unte's Jewellery Shop.
 41833 | Vaults:2 | Found a staircase to the Crypt.
 41833 | Vaults:2 | Found an ancient bone altar of Kikubaaqudgha.
 41834 | Vaults:2 | Found a basalt altar of Yredelemnul.
 42059 | Vaults:2 | Reached skill level 5 in Earth Magic
 42655 | Vaults:3 | Received a gift from Okawaru
 42689 | Vaults:3 | Reached skill level 10 in Evocations
 42689 | Vaults:3 | Reached XP level 21. HP: 126/193 MP: 22/27
 42970 | Vaults:3 | Received a gift from Okawaru
 42981 | Vaults:3 | Reached skill level 5 in Necromancy
 43027 | Vaults:3 | Identified a scroll of acquirement
 43029 | Vaults:3 | Identified the +1 pair of gloves of the Game of Life {rPois
                  | Dex+4} (You acquired it on level 3 of the Vaults)
 43048 | Vaults:3 | Identified the +1 ring mail "Egamia" {rC++ Regen+ Int+5}
                  | (You found it on level 3 of the Vaults)
 43131 | Vaults:3 | Received a gift from Okawaru
 43251 | Vaults:3 | Received a gift from Okawaru
 43511 | Vaults:3 | Found Difoulom's Assorted Antiques.
 43517 | Vaults:3 | Bought a curved iron wand for 124 gold pieces
 43519 | Vaults:3 | Bought a scroll of blinking for 232 gold pieces
 43519 | Vaults:3 | Bought a scroll labeled SAOTSE MASO for 31 gold pieces
 43519 | Vaults:3 | Bought a potion of resistance for 310 gold pieces
 43718 | Vaults:3 | Reached skill level 5 in Translocations
 44305 | Vaults:4 | Noticed Donald
 44333 | Vaults:4 | Killed Donald
 44402 | Vaults:4 | Found a runed translucent gate.
 44402 | Vaults:4 | Found a runed translucent gate.
 44402 | Vaults:4 | Found a runed translucent gate.
 44402 | Vaults:4 | Noticed Faydane's ghost (veteran HuFi)
 45068 | Vaults:4 | Killed Faydane's ghost
 45100 | Vaults:4 | Reached skill level 5 in Spellcasting
 45158 | Vaults:5 | Entered Level 5 of the Vaults
 45200 | Vaults:4 | Received a gift from Okawaru
 45200 | Vaults:4 | Reached XP level 22. HP: 156/202 MP: 28/28
 45264 | Vaults:5 | Noticed an ancient lich
 45337 | Vaults:4 | Killed an ancient lich
 45870 | Vaults:4 | Received a gift from Okawaru
 45988 | Vaults:5 | Noticed an ancient lich
 46037 | Vaults:5 | Received a gift from Okawaru
 46172 | Vaults:5 | Received a gift from Okawaru
 46186 | Vaults:5 | Cast into level 5 of the Abyss (an ancient lich)
 46186 | Abyss:5  | Entered Level 5 of the Abyss
 46186 | Abyss:5  | Entered Level 5 of the Abyss
 46283 | Abyss:5  | Noticed a profane servitor
 46314 | Abyss:5  | Killed a profane servitor
 46353 | Abyss:5  | Paralysed by accursed screaming for 2 turns
 46358 | Abyss:5  | Got an abyssal rune of Zot
 46365 | Abyss:5  | Paralysed by accursed screaming for 2 turns
 46391 | Abyss:5  | Paralysed by accursed screaming for 1 turns
 46552 | Abyss:5  | Received a gift from Okawaru
 46716 | Vaults:5 | Escaped the Abyss
 47145 | Vaults:5 | Cast into level 5 of the Abyss (an ancient lich)
 47145 | Abyss:5  | Entered Level 5 of the Abyss
 47200 | Abyss:5  | Reached XP level 23. HP: 131/211 MP: 17/31
 47280 | Vaults:5 | Escaped the Abyss
 47308 | Vaults:5 | Cast into level 5 of the Abyss (an ancient lich)
 47308 | Abyss:5  | Entered Level 5 of the Abyss
 47563 | Abyss:5  | Received a gift from Okawaru
 47626 | Vaults:5 | Escaped the Abyss
 47863 | Vaults:5 | Cast into level 5 of the Abyss (an ancient lich)
 47863 | Abyss:5  | Entered Level 5 of the Abyss
 47863 | Abyss:5  | Found a corrupted altar of Lugonu.
 47871 | Abyss:5  | Found a corrupted altar of Lugonu.
 47875 | Abyss:5  | Found a transporter.
 47903 | Abyss:5  | Paralysed by accursed screaming for 1 turns
 47925 | Abyss:5  | Found a shimmering altar of Xom.
 48000 | Abyss:5  | Received a gift from Okawaru
 48183 | Abyss:5  | Received a gift from Okawaru
 48229 | Vaults:5 | Escaped the Abyss
 48599 | Vaults:5 | Killed an ancient lich
 48640 | Vaults:5 | Received a gift from Okawaru
 48653 | Vaults:5 | Got a bloodstained arbalest {god gift}
 48800 | Vaults:5 | Noticed an ancient lich
 48820 | Vaults:5 | Killed an ancient lich
 49098 | Vaults:5 | Got a wizard robe
 49099 | Vaults:5 | Identified the +1 robe "Dagaesm" {Str-4 Int+2 SInv} (You
                  | found it on level 5 of the Vaults)
 49103 | Vaults:5 | Got a faintly glowing long sword
 49179 | Vaults:5 | Found Hehoes's Distillery.
 49183 | Vaults:5 | Bought a potion of invisibility for 168 gold pieces
 49183 | Vaults:5 | Bought a potion of cancellation for 168 gold pieces
 49183 | Vaults:5 | Bought a potion of cancellation for 168 gold pieces
 49183 | Vaults:5 | Bought a potion of brilliance for 84 gold pieces
 49183 | Vaults:5 | Bought a potion of heal wounds for 105 gold pieces
 49183 | Vaults:5 | Bought a potion of haste for 210 gold pieces
 49183 | Vaults:5 | Bought a potion of heal wounds for 105 gold pieces
 49183 | Vaults:5 | Bought a potion of curing for 63 gold pieces
 49183 | Vaults:5 | Bought a potion of magic for 168 gold pieces
 49183 | Vaults:5 | Bought 2 potions of magic for 336 gold pieces
 49240 | Vaults:5 | Received a gift from Okawaru
 49697 | Vaults:5 | Got a silver rune of Zot
 49714 | Vaults:5 | Reached XP level 24. HP: 197/222 MP: 32/32
 49787 | Vaults:5 | Received a gift from Okawaru
 49826 | Vaults:5 | Noticed an ancient lich
 49837 | Vaults:5 | Killed an ancient lich
 49860 | Vaults:5 | Identified the cursed +1 ring mail of the Oligarchy {+Blink
                  | rElec Int+3}
 49922 | Vaults:5 | Received a gift from Okawaru
 50021 | Vaults:5 | Identified the Incunabulum of Enhancements
 50203 | Vaults:5 | Received a gift from Okawaru
 50276 | Vaults:5 | Identified the Volume of Frigorific Enchantment
 50285 | Vaults:5 | Got a steaming morningstar
 50314 | Vaults:5 | Got a faintly glowing iron ring
 50315 | Vaults:5 | Identified the ring of Free Will {rPois rC++ EV+4 Dex+2}
                  | (You found it on level 5 of the Vaults)
 50555 | Vaults:5 | Found Ixugamucw's Distillery.
 50559 | Vaults:5 | Bought a potion of curing for 54 gold pieces
 50559 | Vaults:5 | Bought a potion of might for 72 gold pieces
 50559 | Vaults:5 | Bought a potion of curing for 54 gold pieces
 50559 | Vaults:5 | Bought a potion of magic for 144 gold pieces
 50559 | Vaults:5 | Bought a potion of invisibility for 144 gold pieces
 50559 | Vaults:5 | Bought a potion of resistance for 180 gold pieces
 50559 | Vaults:5 | Bought a potion of brilliance for 72 gold pieces
 50559 | Vaults:5 | Bought a potion of agility for 72 gold pieces
 50567 | Vaults:5 | Found Qily's Magic Scroll Boutique.
 50571 | Vaults:5 | Bought a scroll of torment for 127 gold pieces
 50571 | Vaults:5 | Bought a scroll of enchant weapon for 127 gold pieces
 50572 | Vaults:5 | Bought a scroll of teleportation for 51 gold pieces
 51369 | Elf:2    | Found Ehasidd's Assorted Antiques.
 51421 | Elf:2    | Bought a potion of agility for 148 gold pieces
 51421 | Elf:2    | Bought a box of beasts for 740 gold pieces
 51471 | Elf:2    | Found a runed translucent gate.
 51471 | Elf:2    | Found a runed translucent gate.
 51471 | Elf:2    | Found a runed translucent gate.
 51558 | Elf:2    | Found a portal to a secret trove of treasure.
 51717 | Elf:3    | Entered Level 3 of the Elven Halls
 51914 | Elf:3    | Found Nucytym's Book Boutique.
 52029 | Elf:3    | Received a gift from Okawaru
 52259 | Elf:3    | Identified the +7 morningstar "Huqas" {flame, *Rage Int+6
                  | Dex+4 SInv}
 52276 | Elf:3    | Reached skill level 10 in Earth Magic
 52326 | Elf:3    | Received a gift from Okawaru
 52718 | Elf:3    | Received a gift from Okawaru
 52804 | Elf:3    | Reached XP level 25. HP: 129/231 MP: 33/33
 52922 | Elf:3    | Identified the +1 robe "Puerepirekk" {MR+ Regen+ Str+6}
 53194 | Elf:3    | Received a gift from Okawaru
 53206 | Elf:3    | Cast into level 4 of the Abyss (a deep elf sorcerer)
 53212 | Elf:3    | Escaped the Abyss
 53303 | Elf:3    | Identified the +2 cloak "Xusesexi" {rPois rC+} (You found
                  | it on level 3 of the Elven Halls)
 53307 | Elf:3    | Identified the cursed +0 ring mail of Rosodeas {rElec rPois
                  | MR+ MP+9} (You found it on level 3 of the Elven Halls)
 54112 | Elf:2    | Received a gift from Okawaru
 54693 | Depths:1 | Entered Level 1 of the Depths
 54809 | Depths:1 | Received a gift from Okawaru
 54950 | Depths:1 | Found a gateway to Hell.
 55005 | Depths:1 | Found Vagudal's Assorted Antiques.
 55113 | Depths:1 | Bought a box of beasts for 480 gold pieces
 55113 | Depths:1 | Bought a hardcover book for 360 gold pieces
 55113 | Depths:1 | Bought a potion of agility for 96 gold pieces
 55359 | Depths:1 | Found a one-way gate leading to the halls of Pandemonium.
 55534 | Depths:2 | Found the +6 shillelagh "Devastator" {shatter}
 55639 | Depths:2 | Identified the +0 hat "Epoo" {rN+ Int+4} (You acquired it
                  | on level 2 of the Depths)
 56050 | Depths:2 | Received a gift from Okawaru
 56352 | Depths:3 | Reached skill level 15 in Earth Magic
 56789 | Depths:3 | Noticed Margery
 56812 | Depths:3 | Reached XP level 26. HP: 195/239 MP: 29/34
 56828 | Depths:3 | Killed Margery
 56874 | Depths:3 | Found Zeke's Gadget Emporium.
 56882 | Depths:3 | Bought a phantom mirror for 540 gold pieces
 56882 | Depths:3 | Bought a wand of iceblast (12) for 288 gold pieces
 56976 | Depths:3 | Found a gateway to a ziggurat.
 56998 | Depths:3 | Reached skill level 10 in Shields
 57003 | Depths:3 | Received a gift from Okawaru
 57004 | Depths:3 | Got a pitted scale mail {god gift}
 57015 | Depths:3 | Identified the +1 scale mail of Iletroes {Str+7} (Okawaru
                  | gifted it to you on level 3 of the Depths)
 57419 | Depths:4 | Found Gimil's General Store.
 57527 | Depths:4 | Noticed Boris
 57548 | Depths:4 | Killed Boris
 57602 | Depths:4 | Reached skill level 10 in Necromancy
 57930 | Depths:4 | Noticed Louise
 57938 | Depths:4 | Found a one-way gate to the infinite horrors of the Abyss.
 57963 | Depths:4 | Killed Louise
 58034 | Depths:4 | Paralysed by a floating eye for 3 turns
 58218 | Depths:4 | Paralysed by a floating eye for 3 turns
 58229 | Depths:4 | Paralysed by a floating eye for 2 turns
 58236 | Depths:4 | Paralysed by a floating eye for 4 turns
 58313 | Depths:4 | Received a gift from Okawaru
 58347 | Depths:4 | Paralysed by a floating eye for 4 turns
 58461 | Depths:4 | Noticed an ancient lich
 58488 | Depths:4 | Killed an ancient lich
 58596 | Depths:4 | Identified the Disquisition on Evil Secrets
 59188 | Depths:4 | Reached XP level 27. HP: 144/248 MP: 35/35
 59199 | Depths:4 | Identified the +3 ring mail of Sakeats {rN+ Str+3} (Okawaru
                  | gifted it to you on level 4 of the Depths)
 60319 | Depths:5 | Entered Level 5 of the Depths
 60446 | Depths:5 | Found a magical portal.
 60455 | WizLab   | Entered Lehudib's Moon Base
 60823 | WizLab   | Received a gift from Okawaru
 60976 | WizLab   | Received a gift from Okawaru
 61072 | WizLab   | Lost intelligence.
 61154 | WizLab   | Found a transporter.
 61363 | WizLab   | Found a transporter.
 61488 | WizLab   | Reached skill level 15 in Dodging
 61536 | WizLab   | Identified a +0 pair of boots of running (You found it in a
                  | wizard's laboratory)
 62024 | Depths:5 | Reached skill level 15 in Throwing
 62296 | Depths:5 | Received a gift from Okawaru
 62356 | Depths:5 | Received a gift from Okawaru
 62474 | Depths:5 | Reached skill level 15 in Armour
 62574 | Depths:5 | Found a gate to the Realm of Zot.
 62719 | Depths:5 | Received a gift from Okawaru
 64016 | Zot:1    | Entered Level 1 of the Realm of Zot
 64096 | Zot:1    | Identified the +4 great sword "Bujozow" {pain, MR++ Str-4}
 64097 | Zot:1    | Reached skill level 10 in Spellcasting
 64316 | Zot:1    | Received a gift from Okawaru
 64558 | Zot:1    | Noticed an orb of fire
 65149 | Zot:1    | Killed an orb of fire
 66371 | Zot:2    | You fall through a shaft for 2 floors!
 66566 | Zot:3    | Received a gift from Okawaru
 66721 | Zot:3    | Received a gift from Okawaru
 68666 | Zot:4    | Received a gift from Okawaru
 69639 | Zot:5    | Entered Level 5 of the Realm of Zot
 69819 | Zot:5    | Received a gift from Okawaru
 69820 | Zot:5    | Identified the +1 scale mail "Vuoroten" {rPois rCorr}
                  | (Okawaru gifted it to you on level 5 of the Realm of Zot)
 70096 | Zot:5    | Noticed an ancient lich
 70116 | Zot:5    | Killed an ancient lich
 70281 | Zot:5    | Noticed an ancient lich
 70326 | Zot:5    | Killed an ancient lich
 70858 | Zot:5    | Noticed an ancient lich
 70858 | Zot:5    | Noticed an ancient lich
 70886 | Zot:5    | Killed an ancient lich
 70889 | Zot:5    | Noticed an orb of fire
 70929 | Zot:5    | Killed an orb of fire
 71379 | Zot:5    | Noticed an ancient lich
 71392 | Zot:5    | Paralysed by an ancient lich for 4 turns
 71402 | Zot:5    | Killed an ancient lich
 71423 | Zot:5    | Noticed an ancient lich
 71436 | Zot:5    | Noticed an ancient lich
 71473 | Zot:5    | Killed an ancient lich
 71481 | Zot:5    | Killed an ancient lich
 71481 | Zot:5    | Received a gift from Okawaru
 71559 | Zot:5    | Received a gift from Okawaru
 71572 | Zot:5    | Noticed an ancient lich
 71613 | Zot:5    | Killed an ancient lich
 71613 | Zot:5    | Paralysed by an ancient lich for 6 turns
 71633 | Zot:5    | Killed an ancient lich
 71633 | Zot:5    | Received a gift from Okawaru
 71636 | Zot:5    | Got a slimy plate armour {god gift}
 71637 | Zot:5    | Identified the +10 plate armour "Plog" {Dex+4} (Okawaru
                  | gifted it to you on level 5 of the Realm of Zot)
 71749 | Zot:5    | Noticed an orb of fire
 71766 | Zot:5    | Killed an orb of fire
 71766 | Zot:5    | Reached skill level 15 in Evocations
 72457 | Zot:5    | Noticed an ancient lich
 72612 | Zot:5    | Killed an ancient lich
 73370 | Zot:5    | Got the Orb of Zot
 74026 | D:1      | Noticed Wer Qubu the pandemonium lord
 74049 | D:1      | Killed Wer Qubu the pandemonium lord
 74049 | D:1      | Received a gift from Okawaru
 74065 | D:$      | Escaped with the Orb!

Skill      XL: |  1  2  3  4  5  6  7  8  9 10 11 12 13 14 15 16 17 18 19 20 21 22 23 24 25 26 27 |
---------------+----------------------------------------------------------------------------------+-----
Throwing       | 2 3 4 5 6 7 8 9 10 11 12 13 14 16 | 16.7
Dodging        | 3 4 5 6 7 8 9 10 11 12 13 14 16 | 16.8
Fighting       | 3 4 5 6 8 10 11 12 13 14 15 16 17 18 19 20 22 | 22.2
Unarmed Combat | 4 5 6 7 8 10 11 12 13 14 15 16 17 18 19 20 22 | 22.3
Armour         | 1 2 3 4 5 6 7 8 9 10 11 12 13 14 16 | 16.6
Invocations    | 1 3 5 6 7 |  7.0
Shields        | 1 3 4 5 6 7 8 9 10 13 | 13.6
Evocations     | 3 4 5 7 9 10 11 12 15 | 15.2
Translocations | 2 4 5 6 7 8 9 |  9.0
Earth Magic    | 3 5 6 8 9 10 15 16 | 16.6
Spellcasting   | 2 3 5 6 7 8 9 12 | 12.1
Necromancy     | 2 4 5 7 8 9 10 14 | 14.2

Action                   |  1- 3 |  4- 6 |  7- 9 | 10-12 | 13-15 | 16-18 | 19-21 | 22-24 | 25-27 || total
-------------------------+-------+-------+-------+-------+-------+-------+-------+-------+-------++-------
Melee: Unarmed           |    94 |   134 |   488 |   970 |  1728 |  2102 |  2136 |  1817 |  4112 || 13581
       Punch             |       |     1 |    14 |    31 |       |       |       |       |    41 ||    87
 Fire: Blowgun           |       |       |       |       |     2 |       |       |       |     5 ||     7
Throw: Throwing net      |       |     3 |       |       |       |       |       |       |       ||     3
       Javelin           |       |       |       |       |    15 |    19 |    18 |    18 |   128 ||   198
       Tomahawk          |       |       |       |       |       |     5 |       |    10 |       ||    15
 Cast: Borgnjor's Vile C |       |       |       |       |       |       |       |     6 |    22 ||    28
       Blink             |       |       |       |       |       |       |       |       |     5 ||     5
Invok: Heroism           |       |       |       |     2 |    22 |    23 |    10 |    29 |    24 ||   110
       Finesse           |       |       |       |       |     3 |     6 |     5 |    16 |    12 ||    42
Evoke: Wand              |       |       |       |       |    10 |    18 |     3 |    31 |    23 ||    85
       Phial of floods   |       |       |       |       |     1 |     1 |       |     1 |     3 ||     6
       Box of beasts     |       |       |       |       |     1 |     1 |       |       |     2 ||     4
       Lightning rod     |       |       |       |       |     4 |       |       |       |       ||     4
       Lamp of fire      |       |       |       |       |       |       |       |     1 |     2 ||     3
       Phantom mirror    |       |       |       |       |       |       |       |       |     3 ||     3
  Use: Scroll            |       |     9 |     2 |    19 |    11 |    14 |    13 |    18 |    31 ||   117
       Potion            |       |     3 |     1 |       |       |    14 |    12 |    24 |    22 ||    76
 Stab: Held in net/web   |       |     2 |       |       |       |     1 |       |       |       ||     3
       Paralysed         |       |       |       |       |    11 |     3 |       |       |     3 ||    17
       Invisible         |       |       |       |       |       |     5 |       |     1 |     4 ||    10
       Confused          |       |       |       |       |       |     2 |       |       |     3 ||     5
       Distracted        |       |       |       |       |       |       |     1 |     1 |     1 ||     3
       Fleeing           |       |       |       |       |       |       |       |     1 |       ||     1
       Sleeping          |       |       |       |       |       |       |       |     1 |       ||     1
  Eat: Chunk             |     4 |     9 |    22 |   100 |   100 |   133 |   122 |   112 |   298 ||   900
       Ration            |       |       |       |     4 |       |       |     2 |     4 |     5 ||    15
Armor: Leather armour    |     6 |       |       |       |       |       |       |       |       ||     6
       Scale mail        |    38 |    54 |   157 |       |       |       |       |       |       ||   249
       Plate armour      |       |       |    33 |   711 |  1076 |  1177 |   742 |   743 |  1455 ||  5937
Dodge: Dodged            |    63 |    67 |   271 |   562 |  1160 |  1742 |  1558 |  1616 |  2497 ||  9536
Block: Buckler           |       |       |       |     8 |   590 |   825 |   708 |   870 |  1513 ||  4514
       Reflection        |       |       |       |       |       |       |       |    36 |    96 ||   132
       Shield            |       |       |       |       |       |       |       |       |  2058 ||  2058
       Other             |       |       |       |       |       |       |       |       |    74 ||    74
